MLB
TAMPA TARPONS @ CHICAGO CUBS
02/08/2024
 
TOP OF THE 1ST
Tampa Tarpons batting - Pitching for Chicago Cubs : RHP Kyle Hurt
Pitching: RHP Kyle Hurt
Batting: LHB Alejandro Jiménez 0-0: Ground out 1-3 (Groundball, 13S, EV 80.0 MPH)
Batting: LHB Kyle Scott 0-0: Called Strike
0-1: Fly out, F8 (Flyball, 8LD, EV 90.0 MPH)
Batting: RHB Ivan Melendez 0-0: Ball
1-0: Ball
2-0: Foul Ball, location: 9LDF
2-1: Ball
3-1: Ground out 4-3 (Groundball, 34, EV 84.4 MPH)
Top of the 1st over - 0 runs, 0 hits, 0 errors, 0 left on base; Tampa 0 - Chicago 0
BOTTOM OF THE 1ST
Chicago Cubs batting - Pitching for Tampa Tarpons : RHP Braden Palmer
Pitching: RHP Braden Palmer
Batting: RHB Ricardo Rosa 0-0: Called Strike
0-1: Ground out U3 (Groundball, 3, EV 83.1 MPH)
Batting: RHB Cameron Cannon 0-0: Ball
1-0: Called Strike
1-1: Ball
2-1: Fly out, F6 (Line Drive, 6, EV 67.5 MPH)
Batting: RHB Eduardo Vallés 0-0: Ball
1-0: SOLO HOME RUN (Flyball, 9LD, EV 95.0 MPH), Distance : 347 ft
Batting: LHB Raúl Domínguez 0-0: Ball
1-0: Foul Ball, location: 2F
1-1: Ball
2-1: Ball
3-1: Base on Balls
Batting: RHB Cedric Rutherford 0-0: Called Strike
0-1: Ground out 5-3 (Groundball, 5S, EV 74.4 MPH)
Bottom of the 1st over - 1 run, 1 hit, 0 errors, 1 left on base; Tampa 0 - Chicago 1
TOP OF THE 2ND
Tampa Tarpons batting - Pitching for Chicago Cubs : RHP Kyle Hurt
Batting: LHB Blaine McIntosh 0-0: Ground out 2-3 (Groundball, 13S, EV 70.6 MPH)
Batting: RHB Alex Mooney 0-0: Ball
1-0: Ball
2-0: Called Strike
2-1: Called Strike
2-2: Fly out, F8 (Flyball, 8RXD, EV 105.0 MPH)
Batting: RHB Taylor Clapp 0-0: Called Strike
0-1: Swinging Strike
0-2: Ball
1-2: Foul Ball, location: 2F
1-2: Strikes out swinging
Top of the 2nd over - 0 runs, 0 hits, 0 errors, 0 left on base; Tampa 0 - Chicago 1
BOTTOM OF THE 2ND
Chicago Cubs batting - Pitching for Tampa Tarpons : RHP Braden Palmer
Batting: LHB Austin Rixey 0-0: Ball
1-0: Ball
2-0: Ball
3-0: Base on Balls
Batting: RHB Carlos Romero 0-0: Called Strike
0-1: Sac Bunt to 15S - play at first, batter OUT! 1-3
Austin Rixey to second
Batting: SHB Red Elder 0-0: Foul Ball, location: 3DF
0-1: Ball
1-1: Swinging Strike
1-2: Ball
2-2: Ground out 4-3 (Groundball, 34, EV 86.9 MPH)
Austin Rixey to third
Batting: RHB Luis Miguel Pérez 0-0: Called Strike
0-1: Ball
1-1: Ball
2-1: Foul Ball, location: 2F
2-2: Foul Ball, location: 5F
2-2: Strikes out swinging
Bottom of the 2nd over - 0 runs, 0 hits, 0 errors, 1 left on base; Tampa 0 - Chicago 1
TOP OF THE 3RD
Tampa Tarpons batting - Pitching for Chicago Cubs : RHP Kyle Hurt
Batting: RHB Trey Reynolds 0-0: Called Strike
0-1: Fly out, F8 (Flyball, 8LXD, EV 98.8 MPH)
Batting: SHB Jayce Easley 0-0: SINGLE (Flyball, 34D, EV 97.5 MPH)
Batting: RHB Jack Payton 0-0: Foul Ball, location: 2F
0-1: Hit by Pitch
Jayce Easley to second
Batting: LHB Alejandro Jiménez 0-0: Swinging Strike
0-1: Ball
1-1: Ball
2-1: Foul Ball, location: 7LSF
2-2: SINGLE (Groundball, 4MD, EV 96.3 MPH)
Jayce Easley to third
Jack Payton to second
Runner from 3rd tries for Home, SAFE, throw by CF to home
Batting: LHB Kyle Scott 0-0: Called Strike
0-1: Swinging Strike
0-2: Ball
1-2: Fly out, F8 (Flyball, 8LD, EV 110.0 MPH)
Batting: RHB Ivan Melendez 0-0: Ball
1-0: Ball
2-0: Ball
3-0: Called Strike
3-1: Called Strike
3-2: Base on Balls
Jack Payton to third
Alejandro Jiménez to second
Batting: LHB Blaine McIntosh 0-0: Called Strike
0-1: Called Strike
0-2: Ball
1-2: Foul Ball, location: 7LDF
1-2: Foul Ball, location: 23FF
1-2: Ground out U3 (Groundball, 3, EV 86.9 MPH)
Top of the 3rd over - 1 run, 2 hits, 0 errors, 3 left on base; Tampa 1 - Chicago 1
BOTTOM OF THE 3RD
Chicago Cubs batting - Pitching for Tampa Tarpons : RHP Braden Palmer
Batting: RHB Ricardo Rosa 0-0: Ball
1-0: Ground out 4-3 (Groundball, 34, EV 78.8 MPH)
Batting: RHB Cameron Cannon 0-0: Ball
1-0: Ball
2-0: Called Strike
2-1: DOUBLE (Line Drive, 78XD, EV 100.6 MPH)
Batting: RHB Eduardo Vallés 0-0: Fly out, F4 (Popup, 4D, EV 65.0 MPH)
Batting: LHB Raúl Domínguez 0-0: Ball
1-0: Fly out, F7 (Flyball, 7, EV 86.9 MPH)
Bottom of the 3rd over - 0 runs, 1 hit, 0 errors, 1 left on base; Tampa 1 - Chicago 1
TOP OF THE 4TH
Tampa Tarpons batting - Pitching for Chicago Cubs : RHP Kyle Hurt
Batting: RHB Alex Mooney 0-0: Called Strike
0-1: Ground out 3-1 (Groundball, 34S, EV 88.1 MPH)
Batting: RHB Taylor Clapp 0-0: Ground out U3 (Groundball, 34S, EV 86.3 MPH)
Batting: RHB Trey Reynolds 0-0: Ball
1-0: Foul Ball, location: 3SF
1-1: Fly out, F7 (Flyball, 7D, EV 81.9 MPH)
Top of the 4th over - 0 runs, 0 hits, 0 errors, 0 left on base; Tampa 1 - Chicago 1
BOTTOM OF THE 4TH
Chicago Cubs batting - Pitching for Tampa Tarpons : RHP Braden Palmer
Pitching: RHP Jeffrey Hakanson
Batting: RHB Cedric Rutherford 0-0: Ball
1-0: Ball
2-0: Ball
3-0: Foul Ball, location: 9LMF
3-1: Swinging Strike
3-2: Base on Balls
Batting: LHB Austin Rixey 0-0: Swinging Strike
0-1: Fly out, F8 (Flyball, 8LXD, EV 95.6 MPH)
Batting: RHB Carlos Romero 0-0: Ball
1-0: Called Strike
1-1: Swinging Strike
1-2: Strikes out swinging
Batting: SHB Red Elder 0-0: Ball
1-0: Ball
2-0: Ground out 4-3 (Groundball, 34, EV 85.6 MPH)
Bottom of the 4th over - 0 runs, 0 hits, 0 errors, 1 left on base; Tampa 1 - Chicago 1
TOP OF THE 5TH
Tampa Tarpons batting - Pitching for Chicago Cubs : RHP Kyle Hurt
Now at 2B: Dion Hightower
Now at 3B: Noelvi Marte
Now at SS: Luis Miguel Pérez
Now in LF: Andy Pages
Batting: SHB Jayce Easley 0-0: Ball
1-0: DOUBLE (Line Drive, 78XD, EV 108.1 MPH)
Batting: RHB Jack Payton 0-0: Called Strike
0-1: Foul Ball, location: 9LDF
0-2: Foul Ball, location: 3SF
0-2: Ground out 4-3 (Groundball, 4M, EV 88.1 MPH)
Pinch Hitting: RHB Khalil Tate 0-0: Foul Ball, location: 3SF
0-1: Foul Ball, location: 2F
0-2: Ball
1-2: Strikes out swinging
Batting: LHB Kyle Scott 0-0: Foul Ball, location: 2F
0-1: Called Strike
0-2: Ball
1-2: Fly out, F2 (Popup, 5SF, EV 70.0 MPH)
Top of the 5th over - 0 runs, 1 hit, 0 errors, 1 left on base; Tampa 1 - Chicago 1
BOTTOM OF THE 5TH
Chicago Cubs batting - Pitching for Tampa Tarpons : RHP Jeffrey Hakanson
Pitching: RHP Nelson Callbeck
Now in CF: Bernard Moreau
Now in RF: Will Rogers
Batting: RHB Luis Miguel Pérez 0-0: Called Strike
0-1: Foul Ball, location: 9LMF
0-2: Ball
1-2: Fly out, F9 (Flyball, 9LD, EV 107.5 MPH)
Batting: RHB Ricardo Rosa 0-0: Called Strike
0-1: Foul Ball, location: 23F
0-2: SINGLE (Line Drive, 34D, EV 94.4 MPH)
Batting: RHB Noelvi Marte 0-0: Swinging Strike
0-1: Ball
1-1: Called Strike
1-2: Ball
2-2: Ball
3-2: Strikes out looking
Batting: RHB Eduardo Vallés 0-0: Ball
1-0: Ball
2-0: Foul Ball, location: 2LF
2-1: Foul Ball, location: 9LDF
2-2: Fly out, F8 (Flyball, 8RXD, EV 92.5 MPH)
Bottom of the 5th over - 0 runs, 1 hit, 0 errors, 1 left on base; Tampa 1 - Chicago 1
TOP OF THE 6TH
Tampa Tarpons batting - Pitching for Chicago Cubs : RHP Kyle Hurt
Pitching: RHP Drey Jameson
Now in RF: Dylan Crews
Batting: RHB Ivan Melendez 0-0: Ball
1-0: Ball
2-0: Ball
3-0: Called Strike
3-1: Base on Balls
Batting: RHB Bernard Moreau 0-0: Called Strike
0-1: Called Strike
0-2: Strikes out swinging
Batting: RHB Alex Mooney 0-0: Ball
1-0: Ball
2-0: Fielders Choice at 2nd, 6-4 (Groundball, 6, EV 88.1 MPH)
Batting: RHB Taylor Clapp 0-0: Called Strike
0-1: Ball
Wild Pitch!
Alex Mooney to second
1-1: Ball
2-1: Ball
3-1: Ground out 6-3 (Groundball, 6, EV 90.6 MPH)
Top of the 6th over - 0 runs, 0 hits, 0 errors, 1 left on base; Tampa 1 - Chicago 1
BOTTOM OF THE 6TH
Chicago Cubs batting - Pitching for Tampa Tarpons : RHP Nelson Callbeck
Batting: RHB Dion Hightower 0-0: Ball
1-0: Ball
2-0: Ball
3-0: Called Strike
3-1: Base on Balls
Pitching: LHP Jakob Brustoski
Batting: RHB Andy Pages 0-0: Ball
Dion Hightower steals 2nd base
1-0: Foul Ball, location: 2F
1-1: Ball
2-1: Foul Ball, location: 2F
2-2: Fly out, F6 (Popup, 6D, EV 65.0 MPH)
Batting: RHB Drew Sanders 0-0: Ball
Dion Hightower steals 3rd base (no throw)
1-0: Called Strike
1-1: Ball
2-1: Ground out 6-3 (Groundball, 6, EV 106.3 MPH)
Batting: RHB Carlos Romero 0-0: Foul Ball, location: 9LMF
0-1: Swinging Strike
0-2: Strikes out looking and he ARGUES THE CALL AND IS TOSSED!
Bottom of the 6th over - 0 runs, 0 hits, 0 errors, 1 left on base; Tampa 1 - Chicago 1
TOP OF THE 7TH
Tampa Tarpons batting - Pitching for Chicago Cubs : RHP Drey Jameson
Pitching: RHP Drew Nembhard
Now at C: Thomas Dillard
Now in CF: Sammy Siani
Batting: RHB Trey Reynolds 0-0: Called Strike
0-1: Called Strike
0-2: Ball
1-2: Fly out, F3 (Popup, 3S, EV 75.0 MPH)
Batting: SHB Jayce Easley 0-0: Ball
1-0: Called Strike
1-1: Swinging Strike
1-2: Strikes out swinging
Batting: RHB Jack Payton 0-0: Called Strike
0-1: Ball
1-1: Swinging Strike
1-2: Foul Ball, location: 9LDF
1-2: Strikes out swinging
Top of the 7th over - 0 runs, 0 hits, 0 errors, 0 left on base; Tampa 1 - Chicago 1
BOTTOM OF THE 7TH
Chicago Cubs batting - Pitching for Tampa Tarpons : LHP Jakob Brustoski
Pitching: RHP Steve Campbell
Batting: RHB Dylan Crews 0-0: Called Strike
0-1: Foul Ball, location: 5F
0-2: SINGLE (Line Drive, 7S, EV 95.0 MPH)
Pinch Hitting: LHB Addison Barger 0-0: Foul Ball, location: 5F
0-1: Ball
1-1: Bunt missed!
1-2: Foul Ball, location: 3FF
1-2: Foul Ball, location: 2F
1-2: Ball
2-2: Foul Ball, location: 25F
2-2: Ball
3-2: Foul Ball, location: 2F
3-2: Fly out, F2 (Popup, 23F, EV 50.6 MPH)
Batting: SHB Thomas Dillard 0-0: Ball
1-0: Fly out, F8 (Flyball, 8RS, EV 97.5 MPH)
Batting: RHB Noelvi Marte 0-0: Ball
1-0: Ball
2-0: Called Strike
2-1: Ball
3-1: Base on Balls
Dylan Crews to second
Pinch Hitting: LHB Tyler Hill 0-0: Called Strike
0-1: Foul Ball, location: 9LMF
0-2: Fielders Choice at 3rd, U5 (Groundball, 5, EV 80.0 MPH)
Bottom of the 7th over - 0 runs, 1 hit, 0 errors, 1 left on base; Tampa 1 - Chicago 1
TOP OF THE 8TH
Tampa Tarpons batting - Pitching for Chicago Cubs : RHP Drew Nembhard
Pitching: RHP Max Johnson
Now at 1B: Tyler Hill
Now at 3B: Addison Barger
Now at SS: Noelvi Marte
Batting: RHB Will Rogers 0-0: Fly out, F4 (Popup, 34S, EV 68.8 MPH)
Batting: LHB Kyle Scott 0-0: Ball
1-0: Swinging Strike
1-1: Called Strike
1-2: Ball
2-2: Foul Ball, location: 7LMF
2-2: Strikes out looking
Batting: RHB Ivan Melendez 0-0: Foul Ball, location: 25F
0-1: Foul Ball, location: 23F
0-2: Ball
1-2: Strikes out swinging
Top of the 8th over - 0 runs, 0 hits, 0 errors, 0 left on base; Tampa 1 - Chicago 1
BOTTOM OF THE 8TH
Chicago Cubs batting - Pitching for Tampa Tarpons : RHP Steve Campbell
Pitching: RHP Juan Jose Uribe
Batting: RHB Dion Hightower 0-0: Called Strike
0-1: Ball
1-1: Ball
2-1: Foul Ball, location: 2F
2-2: SINGLE (Groundball, 34D, EV 97.5 MPH)
Batting: RHB Andy Pages 0-0: Called Strike
Dion Hightower steals 2nd base (no throw)
0-1: Ball
1-1: Fly out, F4 (Line Drive, 4M, EV 71.3 MPH)
Batting: RHB Drew Sanders 0-0: Fly out, F9 (Flyball, 9S, EV 86.3 MPH)
Batting: LHB Sammy Siani 0-0: Called Strike
0-1: Ball
1-1: Foul Ball, location: 2F
1-2: Ball
2-2: SINGLE (Flyball, 89M, EV 96.9 MPH)
Dion Hightower to third
Runner from 3rd tries for Home, SAFE, throw by RF to home
Batting: RHB Dylan Crews 0-0: Swinging Strike
0-1: Ball
1-1: Called Strike
1-2: Strikes out looking
Bottom of the 8th over - 1 run, 2 hits, 0 errors, 1 left on base; Tampa 1 - Chicago 2
TOP OF THE 9TH
Tampa Tarpons batting - Pitching for Chicago Cubs : RHP Max Johnson
Pitching: LHP Norberto Vargas
Now at 2B: Noelvi Marte
Now at SS: Matthew Lugo
Batting: RHB Bernard Moreau 0-0: Ball
1-0: Ball
2-0: Foul Ball, location: 2F
2-1: Fly out, F3 (Popup, 3F, EV 72.5 MPH)
Batting: RHB Alex Mooney 0-0: Called Strike
0-1: Foul Ball, location: 2F
0-2: Strikes out swinging
Batting: RHB Taylor Clapp 0-0: Called Strike
0-1: Foul Ball, location: 7LSFF
0-2: Ball
1-2: Foul Ball, location: 5F
1-2: Foul Ball, location: 9LSF
1-2: Foul Ball, location: 23F
1-2: Strikes out swinging
Top of the 9th over - 0 runs, 0 hits, 0 errors, 0 left on base; Tampa 1 - Chicago 2
Friday, February 16th , 2024 - OOTP Baseball 24.11 Build 85